 Dungeon Crawl Stone Soup version 0.27-a0-1105-g946c659c87 (webtiles) character file.

Game seed: 13953712014960173450

63 siradein the Cutter (level 3, -1/24 (27) HPs)
             Began as a Vampire Gladiator on Apr 30, 2021.
             Slain by a wight
             ... wielding a +0 flail
              (8 damage)
             ... on level 2 of the Dungeon.
             The game lasted 00:03:35 (1304 turns).

siradein the Cutter (Vampire Gladiator)             Turns: 1304, Time: 00:03:35

HP:   -1/24 (27)    AC:  4    Str: 13    XL:     3   Next: 87%
MP:   3/3           EV: 12    Int: 10    God:
Gold: 53            SH:  3    Dex: 16    Spells: 2/2 levels left

rFire    . . .     SeeInvis +   a - +0 rapier
rCold    . . .     Faith    .   m - +0 buckler
rNeg     . . .     Spirit   .   b - +0 leather armour
rPois    .         Reflect  .   c - +0 helmet
rElec    .         Harm     .   (no cloak)
rCorr    .         Rampage  .   (no gloves)
Will     .....                  (no boots)
Stlth    +.........             (no amulet)
HPRegen  0.28/turn              (no ring)
MPRegen  0.08/turn              (no ring)

@: healing quickly, heavily drained
A: alive, fangs 3, see invisible, unbreathing 1, vampiric 2
a: Exsanguinate


You were on level 2 of the Dungeon.
You visited 1 branch of the dungeon, and saw 3 of its levels.

You collected 53 gold pieces.

Inventory:

Hand Weapons
 a - a +0 rapier (weapon)
Missiles
 d - 3 throwing nets (quivered)
 e - 20 sling bullets
 f - 94 stones
Armour
 b - a +0 leather armour (worn)
 c - a +0 helmet (worn)
 m - a +0 buckler (worn)
Scrolls
 g - 2 scrolls of magic mapping {unknown}
 i - a scroll of teleportation {unknown}
 j - a scroll of identify {unknown}
 k - a scroll of torment {unknown}
 o - a scroll of fog {unknown}
Potions
 h - 2 potions of haste {unknown}
 l - a potion of degeneration {unknown}
 n - a potion of curing {unknown}


   Skills:
 - Level 1.7 Fighting
 + Level 5.3 Short Blades
 - Level 1.5 Throwing
 - Level 3.2 Dodging


You had 2 spell levels left.
You didn't know any spells.
Your spell library contained the following spells:

 Spells                   Type           Power      Damage    Failure   Level
 Sandblast                Erth           0%         2d4       63%         1
 Sting                    Tmut/Pois      0%         1d3       63%         1
 Passwall                 Tmut/Erth      0%         N/A       77%         2
 Ignite Poison            Fire/Tmut/Pois 0%         N/A       94%         3
 Inner Flame              Hex/Fire       0%         N/A       94%         3
 Stone Arrow              Conj/Erth      0%         3d7       94%         3
 Petrify                  Tmut/Erth      0%         N/A       100%        4
 Lee's Rapid Deconstruct  Erth           0%         3d5*      100%        5
 Eringya's Noxious Bog    Tmut/Pois      0%         N/A       100%        6
 Starburst                Conj/Fire      0%         8x6d3     100%        6


Dungeon Overview and Level Annotations

Branches:
Dungeon (3/15)

Altars:


Innate Abilities, Weirdness & Mutations

Your natural rate of healing is accelerated.
You have razor-sharp teeth.
You have supernaturally acute eyesight. (SInv)
You can survive without breathing.
You are afflicted with vampirism and can become a bat while bloodless.


Message History

The wight barely misses you.
There is a stone staircase leading up here.
You climb upwards.
There is a stone staircase leading down here.
The wight closely misses you.
You completely miss the wight. You bite the wight.
The wight is lightly damaged.
The wight barely misses you.
You hit the wight but do no damage.
The wight is lightly damaged.
The wight barely misses you.
You barely miss the wight.
The wight is lightly damaged.
The wight barely misses you.
You hit the wight.
The wight is heavily damaged.
You block the wight's attack.
You hit the wight. You bite the wight, but do no damage.
The wight is heavily damaged.
The wight closely misses you.
You barely miss the wight. You bite the wight, but do no damage.
The wight is heavily damaged.
The wight barely misses you.
You hit the wight.
The wight is severely damaged.
The wight hits you with a +0 flail.
You feel drained.
You hit the wight.
The wight is severely damaged.
The wight closely misses you.
You hit the wight but do no damage. You bite the wight, but do no damage.
The wight is severely damaged.
The wight hits you with a +0 flail.
You barely miss the wight.
The wight is severely damaged.
The wight hits you with a +0 flail!
* * * LOW HITPOINT WARNING * * *
You feel drained.
You see here 21 arrows.
The wight hits you with a +0 flail!
You die...

#.#.........##....###........#.
#.#.........##......#......#...
#.#.......^.......#............
#.#.....<...#.....##......##...
#.#.........#.#...##...........
#.#.........#.###..............
###.#........##.............##...
.............(.....######.####...
.........##....z@................
.....<...##......................
.......####........########......
.......# #........########......
.......# #......................
.......####........#........#....
..>.†..............#........#####
.......####........#........#
.......# #........#........# ##


You could see a wight.

Vanquished Creatures
  An adder (D:1)
  A worm (D:2)
  2 dart slugs (D:2)
  2 ball pythons (D:1)
  4 endoplasms
  3 goblins
  6 hobgoblins
  5 jackals (D:1)
  3 kobolds (D:1)
  2 quokkas
  2 bats (D:2)
  2 frilled lizards
  3 rats
36 creatures vanquished.

Vanquished Creatures (others)
  An adder (D:2)
1 creature vanquished.

Grand Total: 37 creatures vanquished

Notes
Turn   | Place    | Note
-------+----------+-------------------------------------------
     0 | D:1      | siradein the Vampire Gladiator began the quest for the Orb.
     0 | D:1      | Reached XP level 1. HP: 16/16 MP: 1/1
    64 | D:1      | Reached XP level 2. HP: 15/22 MP: 2/2
    65 | D:1      | Reached skill level 4 in Short Blades
   205 | D:1      | Identified Enuili's Compendium of Fiery Intoxication
   491 | D:1      | Found a faded altar of an unknown god.
   566 | D:1      | Gained mutation: You are afflicted with vampirism and can
                  | become a bat while bloodless. [Vampire growth]
   566 | D:1      | Reached XP level 3. HP: 27/27 MP: 3/3
   837 | D:2      | Reached skill level 5 in Short Blades
  1304 | D:2      | Slain by a wight

Illustrated notes

Levels and vault maps discovered:
D:1:      scummos_arrival_hexagon, layout_basic, shapermc_ecumenical_altar_venn
D:2:      layout_rooms
D:3:      layout_basic, serial_bayou, serial_bayou_lagoon_a,
          serial_bayou_lake_a, serial_bayou_shore_b, serial_bayou_lagoon_b,
          minmay_misc_feat_rows, corexii_shack, corexii_shack, kennysheep_nub

Skill      XL: |  1  2  3 |
---------------+----------+-----
Short Blades   | 4 5 |  5.3
Fighting       | |  1.7
Throwing       | |  1.5
Dodging        | |  3.2

Action                   || total
-------------------------++-------
Melee: Rapier            ||   126
       Bite              ||    15
 Stab: Sleeping          ||     1
Armor: Leather armour    ||    32
Dodge: Dodged            ||   101
Block: Buckler           ||     3

Table legend: (Time is in decaauts)
 A = Elapsed time spent in this place.
 B = Non-inter-level travel time spent in this place.
 C = Inter-level travel time spent in this place.
 D = Time resting spent in this place.
 E = Time spent auto-exploring this place.
 F = Levels seen in this place.
 G = Mean time per level.
                   A        B        C        D        E       F      G
               +--------+--------+--------+--------+--------+-----+--------+
         Total |   1308 |   1269 |     39 |     64 |    822 |   3 |  436.0 |
       Dungeon |   1308 |   1269 |     39 |     64 |    822 |   3 |  436.0 |
               +--------+--------+--------+--------+--------+-----+--------+

Top non-repeatable levels by time:
     D:1: 650 daAuts
     D:2: 560 daAuts
     D:3: 97 daAuts
